Map: Central Protocol

Players

Grumm - Winner!

  • Race: Protoss Protoss
  • League: Gold

Zalabar

  • Race: Protoss Protoss
  • League: Gold

VOD

Have the link to the VOD?

Description

Time

  • Played on: Jan. 23, 2016, 1:21 a.m.
  • Length: 12:50
Show
View Real Time Build Order
Export as new Build Order

Grumm Protoss - Winner!

Build Orders: 1 Gate Expand 

Get SALT Encoding   

  12  0:01  Probe (Chrono Boost)  
  13  0:18  Pylon, Probe (Chrono Boost)  
  14  0:27  Assimilator  
  14  0:34  Probe (Chrono Boost)  
  15  0:42  Gateway  
  15  0:45  Probe (Chrono Boost)  
  16  0:56  Probe (Chrono Boost)  
  17  1:06  Probe (Chrono Boost)  
  18  1:26  Probe (Chrono Boost)  
  18  1:29  Cybernetics Core  
  19  1:41  Nexus  
  19  1:45  Probe (Chrono Boost)  
  20  1:56  Probe (Chrono Boost)  
  20  1:58  Assimilator  
  20  2:06  Warp Gate  
  20  2:07  Stalker  
  22  2:26  Assimilator  
  22  2:28  Probe (Chrono Boost)  
  23  2:33  Pylon  
  23  2:39  Robotics Facility  
  23  2:51  Pylon, Probe (Chrono Boost)  
  24  2:59  Adept  
  24  3:02  Probe x2 (Chrono Boost)  
  28  3:17  Stargate  
  28  3:28  Gateway  
  29  3:34  Probe x2 (Chrono Boost)  
  30  3:45  Probe (Chrono Boost)  
  33  3:49  Mothership Core (Chrono Boost)  
  33  4:15  Void Ray  
  31  4:21  Immortal (Chrono Boost)  
  39  4:27  Stalker  
  39  4:28  Stalker  
  39  4:30  Probe  
  36  5:01  Stalker  
  36  5:02  Stalker  
  40  5:15  Immortal (Chrono Boost)  
  44  5:26  Stalker  
  44  5:27  Stalker  
  38  5:30  Void Ray  
  27  6:02  Stalker x2  
  23  6:41  Mothership Core  
  25  6:53  Immortal (Chrono Boost)  
  29  7:05  Stalker  
  31  7:09  Zealot  
  31  7:12  Probe x2  
  35  7:24  Probe  
  35  7:25  Probe  
  37  7:37  Probe x2  
  37  7:42  Assimilator  
  39  7:44  Stalker  
  39  7:49  Probe x2  
  43  7:55  Adept  
  45  8:01  Probe x2  
  47  8:17  Stalker x2  
  51  8:20  Probe x2  
  53  8:32  Probe  
  54  9:08  Probe x2  
  50  9:20  Probe x2  
  42  9:32  Probe x2  
  42  9:33  Stalker  
  42  9:34  Stalker  
  42  9:35  Immortal (Chrono Boost)  
  52  9:38  Pylon  
  52  9:39  Void Ray  
  54  9:48  Gateway  
  54  9:49  Gateway  
  54  9:50  Probe  
  53  9:56  Gateway  
  53  9:57  Pylon  
  53  10:04  Stalker x2  
  57  10:16  Void Ray  
  57  10:20  Immortal (Chrono Boost)  
  61  10:26  Nexus  
  61  10:28  Stalker x2  
  69  10:43  Pylon  
  69  10:44  Probe  
  70  11:01  Probe x2  
  72  11:12  Pylon  
  72  11:13  Probe  
  73  12:06  Pylon, Stalker x3  
  73  12:07  Stalker x2  
  83  12:14  Probe  
  83  12:15  Probe  
  83  12:22  Probe  
  94  12:24  Probe  
Show
View Real Time Build Order
Export as new Build Order

Zalabar Protoss 

Build Orders:  

Get SALT Encoding   

  12  0:01  Probe (Chrono Boost)  
  13  0:11  Probe (Chrono Boost)  
  14  0:18  Pylon  
  14  0:23  Probe (Chrono Boost)  
  15  0:36  Probe (Chrono Boost)  
  15  0:40  Gateway  
  16  0:45  Assimilator  
  16  0:48  Probe (Chrono Boost)  
  17  0:59  Probe (Chrono Boost)  
  18  1:09  Probe (Chrono Boost)  
  19  1:27  Cybernetics Core  
  19  1:28  Zealot  
  19  1:31  Probe (Chrono Boost)  
  19  1:32  Pylon  
  22  1:37  Assimilator  
  22  1:50  Probe (Chrono Boost)  
  23  1:55  Pylon  
  23  2:03  Probe (Chrono Boost)  
  24  2:11  Warp Gate (Chrono Boost)  
  24  2:12  Gateway  
  24  2:18  Gateway  
  24  2:29  Gateway  
  24  2:33  Probe  
  25  2:39  Sentry  
  27  2:45  Probe  
  28  2:57  Probe  
  29  3:06  Stalker  
  29  3:07  Pylon  
  29  3:09  Probe, Sentry  
  34  3:19  Adept  
  36  3:21  Probe  
  36  3:24  Adept  
  39  3:34  Mothership Core  
  41  3:45  Pylon  
  39  4:27  Stalker x4  
  47  4:31  Pylon  
  43  5:02  Stalker x4  
  24  5:43  Stalker x4  
  26  6:08  Stalker  
  12  6:36  Probe  
  13  6:48  Probe  
  14  7:17  Probe  
  15  8:04  Probe  
  16  8:19  Stalker x2  
  20  8:28  Probe  
  21  8:44  Mothership Core  
  21  9:15  Stalker  
  13  9:40  Stalker  
  11  9:54  Probe  
  12  10:15  Probe  
  13  10:26  Pylon  
  13  10:27  Probe  
  14  10:39  Probe  
  15  10:51  Probe  
  14  12:08  Pylon  
  14  12:16  Pylon  
  14  12:18  Nexus  
  14  12:25  Pylon  
Tags
 
Add a new tag
Caveats
  • Supply blocks, unpowered buildings, or Contaminate may cause inaccurate times.
  • Supply counts are checked every 10 seconds.